 Dungeon Crawl Stone Soup version 0.27-a0-1137-g3ef0f4ec91 (webtiles) character file.

Game seed: 7709363935516551190

18872 Thargor the Geomancer (level 12, 0/76 HPs)
             Began as a Gargoyle Earth Elementalist on May 6, 2021.
             Was a High Priest of Vehumet.
             Shot with an arrow by Nessos (1 damage)
             ... on level 4 of the Lair of Beasts.
             The game lasted 00:31:28 (13729 turns).

Thargor the Geomancer (GrEE)                       Turns: 13729, Time: 00:31:28

Health: 0/76       AC: 19    Str: 14    XL:     12   Next: 63%
Magic:  14/24      EV: 17    Int: 23    God:    Vehumet [*****.]
Gold:   600        SH:  0    Dex: 20    Spells: 16/27 levels left

rFire    . . .     SeeInvis +   a - +9 whip "Testudinebane" {pain, Stlth+}
rCold    + . .     Faith    .   (no shield)
rNeg     + . .     Spirit   .   c - +0 robe
rPois    ∞         Reflect  .   F - +0 helmet
rElec    +         Harm     .   M - +0 cloak
rCorr    .         Rampage  .   v - +2 pair of gloves "Ystoud" {rC+ Regen+ Int+4 Dex+4}
Will     .....                  R - +0 pair of boots {Stlth+}
Stlth    ++++......             (no amulet)
HPRegen  1.22/turn              y - +6 ring of dexterity
MPRegen  0.19/turn              H - ring of see invisible

@: no status effects
A: sickness immunity, AC +8, negative energy resistance 1, electricity
resistance, torment resistance 1, unbreathing 1, petrification resistance
a: Renounce Religion


You were on level 4 of the Lair of Beasts.
You worshipped Vehumet.
Vehumet was extremely pleased with you.
You visited 3 branches of the dungeon, and saw 16 of its levels.

You collected 750 gold pieces.
You spent 150 gold pieces at shops.

Inventory:

Hand Weapons
 a - the +9 whip "Testudinebane" (weapon) {pain, Stlth+}
   (You bought it in a shop on level 4 of the Dungeon)

   In the hands of one skilled in necromantic magic, it inflicts extra damage on
   living creatures.
   It makes you more stealthy.
 b - the +8 whip "Snakebite" {curare, rPois}
   (You found it on level 1 of the Lair of Beasts)

   It poisons the flesh of those it strikes.
   It protects you from poison.
Missiles
 q - 181 stones
 A - 3 curare-tipped darts
 D - a throwing net
Armour
 c - a +0 robe (worn)
 v - the +2 pair of gloves "Ystoud" (worn) {rC+ Regen+ Int+4 Dex+4}
   (You found it on level 4 of the Dungeon)

   It affects your intelligence (+4).
   It affects your dexterity (+4).
   It protects you from cold.
   It increases your rate of health regeneration.
 F - a +0 helmet (worn)
 M - a +0 cloak (worn)
 R - a +0 pair of boots of stealth (worn)
 X - a +0 kite shield
Magical Staves
 x - a staff of earth
Jewellery
 i - an amulet of the acrobat
 y - a +6 ring of dexterity (left hand)
 B - a ring of resist corrosion
 H - a ring of see invisible (right hand)
 L - a ring of fire
 T - a ring of wizardry
Wands
 k - a wand of flame (52)
 s - a wand of acid (8)
 w - a wand of iceblast (8)
 z - a wand of digging (4)
 K - a wand of mindburst (11)
 N - a wand of charming (7)
 U - a wand of polymorph (20)
Scrolls
 g - a scroll of fog
 h - 6 scrolls of amnesia
 m - a scroll of noise {unknown}
 n - a scroll of summoning {unknown}
 o - a scroll of enchant armour {unknown}
 u - 5 scrolls of teleportation {unknown}
 C - 2 scrolls of blinking
 J - 3 scrolls of magic mapping
 O - a scroll of enchant weapon {unknown}
 P - a scroll of fear {unknown}
 Q - a scroll of vulnerability {unknown}
 S - a scroll of identify
 W - a scroll of acquirement {unknown}
Potions
 d - 2 potions of invisibility {unknown}
 e - 2 potions of attraction {unknown}
 f - a potion of degeneration {unknown}
 j - 10 potions of curing
 l - 4 potions of resistance {unknown}
 p - 4 potions of brilliance
 r - 3 potions of heal wounds
 t - a potion of ambrosia {unknown}
 E - 2 potions of lignification
 G - 2 potions of haste {unknown}
 I - 3 potions of might
 V - a potion of flight {unknown}


   Skills:
 + Level 9.1 Fighting
 + Level 8.2 Maces & Flails
 + Level 9.1 Armour
 + Level 7.3 Dodging
 - Level 2.1 Stealth
 + Level 2.2 Shields
 + Level 8.0 Spellcasting
 - Level 0.7 Transmutations
 + Level 10.7 Earth Magic


You had 16 spell levels left.
You knew the following spells:

 Your Spells              Type           Power      Damage    Failure   Level
a - Sandblast             Erth           100%       2d20      1%          1
b - Stone Arrow           Conj/Erth      66%        3d11      1%          3
c - Lee's Rapid Deconstr  Erth           27%        3d16*     1%          5
d - Passwall              Tmut/Erth      29%        N/A       1%          2

Your spell library contained the following spells:

 Spells                   Type           Power      Damage    Failure   Level
 Eringya's Noxious Bog    Tmut/Pois      5%         N/A       89%         6
 Magic Dart               Conj           36%        1d4       1%          1
 Shock                    Conj/Air       36%        1d5       1%          1
 Searing Ray              Conj           18%        3d3       3%          2
 Static Discharge         Conj/Air       9%         N/A       3%          2
 Beastly Appendage        Tmut           24%        N/A       5%          1
 Dazzling Flash           Conj/Hex       18%        N/A       5%          3
 Animate Skeleton         Necr           18%        N/A       7%          1
 Corona                   Hex            10%        N/A       7%          1
 Pain                     Necr           36%        1d5       7%          1
 Petrify                  Tmut/Erth      35%        N/A       7%          4
 Wereblood                Tmut           12%        N/A       8%          2
 Ensorcelled Hibernation  Hex/Ice        18%        N/A       11%         2
 Bolt of Magma            Conj/Fire/Erth 12%        4d8       12%         5
 Airstrike                Air            4%         N/A       17%         4
 Fulminant Prism          Conj/Hex       4%         3d6       17%         4
 Iskenderun's Mystic Bla  Conj/Tloc      9%         2d4       17%         4
 Spider Form              Tmut/Pois      5%         N/A       19%         3
 Confusing Touch          Hex            9%         N/A       21%         3
 Gell's Gravitas          Tloc           4%         N/A       21%         3
 Swiftness                Air            9%         N/A       21%         3
 Tukima's Dance           Hex            9%         N/A       21%         3
 Vampiric Draining        Necr           4%         2d6       21%         3
 Iron Shot                Conj/Erth      16%        9d4       28%         6
 Yara's Violent Unravell  Hex/Tmut       5%         3d4       38%         5
 Iskenderun's Battlesphe  Conj           9%         2d6       41%         5
 Lightning Bolt           Conj/Air       4%         1d16      41%         5
 Ice Form                 Ice/Tmut       10%        N/A       52%         4
 Animate Dead             Necr           4%         N/A       56%         4
 Hydra Form               Tmut           6%         N/A       82%         5
 Agony                    Necr           9%         N/A       88%         5
 Metabolic Englaciation   Hex/Ice        4%         N/A       88%         5
 Orb of Destruction       Conj           4%         9d2       100%        7
 Spellforged Servitor     Conj/Summ      4%         N/A       100%        7


Dungeon Overview and Level Annotations

Branches:
Dungeon (11/15)            Temple (1/1) D:4            Lair (4/6) D:8
  Swamp (0/4) Lair:2        Snake (0/4) Lair:2          Orc (0/2) D:9

Altars:
Ashenzari
Cheibriados
Dithmenos
Elyvilon
Fedhas
Gozag
Hepliaklqana
Kikubaaqudgha
Makhleb
Nemelex Xobeh
Okawaru
Qazlal
Ru
Sif Muna
Trog
Uskayaw
Vehumet
Wu Jian
Xom
Yredelemnul
Zin
The Shining One
Beogh

Shops:
D:4 (   D:10 *

Annotations:
D:3 3 runed translucent doors, DasRunzen's ghost, weakling DgCj
D:8 Erica; Maggie
D:9 1 runed translucent door
Lair:2 Harold
Lair:3 Fannar
Lair:4 Nessos


Innate Abilities, Weirdness & Mutations

You are immune to sickness and miasma.
Your stone body is resilient. (AC +8)
You are immune to poison.
You resist negative energy. (rN+)
You are resistant to electric shocks. (rElec)
You are resistant to unholy torment.
You can survive without breathing.
You are immune to petrification.


Message History

Aiming: Lee's Rapid Deconstruction (dangerous; 1% risk of failure)
Press: ? - help, Dir - move target, p - death yak A rock wall.
The wall shatters!
The blast of rock fragments hits Nessos!
Nessos is lightly wounded.
You hear a bellow!
You hear an angry hiss.
Nessos shoots an arrow.
The arrow hits you! The arrow burns you. The death yak gores you.
A cane toad comes into view.
The death yak gores you!
Nessos intently looks at you, slowly moving their tail.
Casting: Lee's Rapid Deconstruction (dangerous; 1% risk of failure)
Confirm with . or Enter, or press ? or * to list all spells.
Aiming: Lee's Rapid Deconstruction (dangerous; 1% risk of failure)
Press: ? - help, Dir - move target A rock wall.
Okay, then.
Okay, then.
You enter the shallow water.
Moving in this stuff is going to be slow.
Nessos shoots an arrow.
The arrow completely misses you.
Nessos shoots an arrow.
The arrow hits you. The arrow burns you.
Nessos blinks!
The cane toad stings something!!
The death yak gores you but does no damage.
Nessos shoots an arrow.
The arrow hits you! The arrow burns you.
A death yak comes into view.
The cane toad gives a loud, deep croak!
The death yak bellows!
Nessos shoots an arrow.
The arrow hits you!!
* * * LOW HITPOINT WARNING * * *
The arrow burns you.
* * * LOW HITPOINT WARNING * * *
Nessos stands on their hind legs for a moment.
Nessos shoots an arrow.
The arrow closely misses you. The death yak closely misses you.
The death yak completely misses you. The death yak closely misses you.
Nessos shoots an arrow.
The arrow hits you.
* * * LOW HITPOINT WARNING * * *
The arrow burns you.
You die...

#...............# .....
#...............##......
##.............≈P#.......
##...........≈.≈≈.......
###........≈≈Y≈≈≈≈≈....
#........≈≈≈≈≈≈≈≈....
###.....≈≈≈≈≈≈≈≈≈....
##....≈≈≈.≈≈≈≈≈....
#..#..≈≈≈.@≈≈≈≈c..P
#...##≈≈≈≈≈Y≈≈≈≈...#
....###≈≈≈≈≈Y≈≈≈≈.###
...#.# #.≈≈≈≈≈≈≈≈≈.#
P.... #...≈≈≈≈F≈≈≈##
P#.[. ....#.≈≈≈≈≈.## ##.
.....#####≈≈P# ..... .###
... .#


You could see 3 death yaks, Nessos (fast) and a cane toad.

Vanquished Creatures
  A hydra (Lair:3)
  2 death yaks (Lair:2)
  An oklob plant (Lair:2)
  3 torpor snails
  3 black mambas (Lair:1)
  A kobold demonologist (D:8)
  5 cane toads
  2 komodo dragons
  A troll (D:10)
  A hornet (D:8)
  A wraith (D:11)
  A basilisk (Lair:2)
  4 wyverns
  20 yaks
  A steam dragon (D:6)
  6 wargs
  A vampire mosquito (D:11)
  An acid dragon (D:11)
  16 water moccasins
  4 orc warriors
  2 black bears
  A sky beast (D:7)
  A swamp drake (Lair:2)
  5 necrophages (D:9)
  2 ogres
  4 centaurs
  3 phantoms
  7 kobold brigands
  7 bullfrogs
  3 scorpions
  6 wights
  17 killer bees
  2 howler monkeys
  4 centaur zombies
  2 bullfrog skeletons
  2 jellies
  4 orc priests
  5 hounds
  2 centaur skeletons (D:7)
  2 iguanas
  An orc wizard (D:8)
  A killer bee zombie (D:6)
  2 mummies
  3 howler monkey zombies (D:9)
  A howler monkey skeleton (D:6)
  7 gnolls
  6 adders
  A white imp (D:5)
  An ufetubus (D:7)
  2 adder skeletons
  A worm (D:2)
  4 dart slugs
  14 orcs
  3 bats
  3 endoplasms
  3 giant cockroaches
  A goblin (D:4)
  5 hobgoblins
  3 jackals (D:3)
  5 quokkas
  2 ball pythons
  2 frilled lizards (D:2)
  40 kobolds
  2 rats (D:2)
269 creatures vanquished.

Vanquished Creatures (others)
  A wizard (D:6)
  6 fungi
  18 plants
25 creatures vanquished.

Grand Total: 294 creatures vanquished

Notes
Turn   | Place    | Note
-------+----------+-------------------------------------------
     0 | D:1      | Thargor the Gargoyle Earth Elementalist began the quest for
                  | the Orb.
     0 | D:1      | Reached XP level 1. HP: 10/10 MP: 3/3
   239 | D:1      | Reached XP level 2. HP: 16/16 MP: 3/5
   268 | D:1      | Found a faded altar of an unknown god.
  1697 | D:2      | Reached skill level 1 in Fighting
  1697 | D:2      | Reached skill level 1 in Armour
  1716 | D:2      | Reached XP level 3. HP: 20/20 MP: 3/6
  2114 | D:3      | Reached skill level 4 in Earth Magic
  2264 | D:3      | Learned a level 3 spell: Stone Arrow
  2973 | D:3      | Found a runed translucent gate.
  2982 | D:3      | Noticed DasRunzen's ghost (weakling DgCj)
  2983 | D:3      | Found a runed translucent gate.
  2983 | D:3      | Found a runed translucent gate.
  2983 | D:3      | Identified the +3 dagger "Syuva" {antimagic, rCorr Int-3
                  | Stlth+}
  2983 | D:3      | Identified the +2 scale mail of Courage {+Inv Will- Dex+4}
  3121 | D:3      | Reached XP level 4. HP: 15/25 MP: 7/7
  3528 | D:4      | Noticed a kobold brigand
  3579 | D:4      | Reached skill level 1 in Maces & Flails
  3579 | D:4      | Reached XP level 5. HP: 30/30 MP: 6/8
  3593 | D:4      | Found Ronkinky's Antique Weapon Shoppe.
  3634 | D:4      | Found a staircase to the Ecumenical Temple.
  3645 | Temple   | Entered the Ecumenical Temple
  3860 | Temple   | Became a worshipper of Vehumet
  3931 | D:4      | Identified the +2 pair of gloves "Ystoud" {rC+ Regen+ Int+4
                  | Dex+4}
  4132 | D:4      | Bought a fading whip for 150 gold pieces
  4132 | D:4      | Identified the +9 whip "Testudinebane" {pain, Stlth+} (You
                  | bought it in a shop on level 4 of the Dungeon)
  4231 | D:4      | Noticed a kobold brigand
  4246 | D:4      | Killed a kobold brigand
  4247 | D:4      | Reached XP level 6. HP: 22/36 MP: 10/10
  4598 | D:4      | Learned a level 5 spell: Lee's Rapid Deconstruction
  4601 | D:4      | Learned a level 2 spell: Passwall
  4637 | D:5      | Entered Level 5 of the Dungeon
  4641 | D:5      | Reached skill level 5 in Earth Magic
  4641 | D:5      | Reached XP level 7. HP: 40/40 MP: 8/11
  4714 | D:5      | Reached * piety under Vehumet
  4714 | D:5      | Offered knowledge of Magic Dart by Vehumet.
  5165 | D:5      | Reached XP level 8. HP: 47/47 MP: 10/13
  5595 | D:6      | Found an iron altar of Okawaru.
  5637 | D:6      | Reached skill level 6 in Earth Magic
  5692 | D:6      | Found a bloodstained altar of Trog.
  5693 | D:6      | Noticed a wizard
  5698 | D:6      | Killed a wizard
  5748 | D:6      | Found a shadowy altar of Dithmenos.
  5864 | D:6      | Found an opulent altar of Gozag.
  6485 | D:7      | Reached XP level 9. HP: 52/52 MP: 13/15
  6536 | D:7      | Offered knowledge of Freeze by Vehumet.
  6555 | D:6      | Reached ** piety under Vehumet
  6562 | D:6      | Reached skill level 5 in Armour
  6607 | D:6      | Reached skill level 5 in Fighting
  6653 | D:7      | Reached skill level 7 in Earth Magic
  6936 | D:7      | Reached skill level 5 in Spellcasting
  6988 | D:7      | Offered knowledge of Mephitic Cloud by Vehumet.
  6995 | D:7      | Reached skill level 5 in Maces & Flails
  7116 | D:7      | Found a white marble altar of Elyvilon.
  7457 | D:8      | Reached XP level 10. HP: 53/60 MP: 18/18
  7464 | D:7      | Reached skill level 5 in Dodging
  7548 | D:8      | Found a staircase to the Lair.
  7594 | D:7      | Reached skill level 8 in Earth Magic
  7629 | D:8      | Reached *** piety under Vehumet
  7795 | D:8      | Found a shimmering blue altar of Sif Muna.
  7954 | D:8      | Noticed Maggie
  8061 | D:8      | Offered knowledge of Sticky Flame by Vehumet.
  8484 | D:8      | Noticed Erica
  8545 | D:9      | Noticed a kobold demonologist
  8550 | D:9      | Noticed a smoke demon
  8638 | D:8      | Killed a kobold demonologist
  8868 | D:9      | Reached **** piety under Vehumet
  8980 | D:9      | Offered knowledge of Conjure Flame by Vehumet.
  9024 | D:9      | Found a runed translucent door.
  9070 | D:9      | Found a hide-covered altar of Uskayaw.
  9126 | D:9      | Found a staircase to the Orcish Mines.
  9209 | D:9      | Reached XP level 11. HP: 67/67 MP: 6/20
  9275 | D:9      | Reached skill level 9 in Earth Magic
  9461 | D:9      | Found a snail-covered altar of Cheibriados.
  9668 | D:10     | Entered Level 10 of the Dungeon
  9782 | D:10     | Reached ***** piety under Vehumet
  9799 | D:10     | Offered knowledge of Eringya's Noxious Bog by Vehumet.
 10051 | D:10     | Identified the +4 morningstar "Pafof" {vorpal, Fly Will++
                  | Dex-4 Stlth+}
 10169 | D:10     | Found Joclutu's Assorted Antiques.
 10244 | D:11     | Noticed a manticore
 10803 | Lair:1   | Entered Level 1 of the Lair of Beasts
 11864 | Lair:1   | Found the +8 whip "Snakebite" {curare, rPois}
 11942 | Lair:2   | Noticed Harold
 11958 | Lair:2   | Found a staircase to the Snake Pit.
 11985 | Lair:2   | Noticed a death yak
 11988 | Lair:2   | Noticed a death yak
 11993 | Lair:2   | Noticed an oklob plant
 12019 | Lair:2   | Killed a death yak
 12020 | Lair:2   | Reached skill level 10 in Earth Magic
 12036 | Lair:2   | Killed a death yak
 12037 | Lair:2   | Reached XP level 12. HP: 60/75 MP: 20/23
 12133 | Lair:2   | Identified the +11 dire flail "Eduontoe" {venom, +Rage
                  | Str-4 Dex+4 SInv}
 12593 | Lair:2   | Found a staircase to the Swamp.
 13228 | Lair:3   | Reached skill level 1 in Shields
 13378 | Lair:3   | Noticed an eight-headed hydra
 13383 | Lair:3   | Killed an eight-headed hydra
 13678 | Lair:3   | Noticed Fannar
 13707 | Lair:4   | Noticed a death yak
 13707 | Lair:4   | Noticed a death yak
 13711 | Lair:4   | Noticed Nessos
 13728 | Lair:4   | Noticed a death yak
 13729 | Lair:4   | HP: 1/76 [Nessos/arrow (5)]
 13729 | Lair:4   | Shot with an arrow by Nessos

Illustrated notes

Levels and vault maps discovered:
D:1:      dpeg_arrival_boxorama, layout_rooms,
          ebering_ecumenical_altar_petrified, st_stairs_2
D:2:      layout_basic, minmay_tetromino_s4
D:3:      layout_loops_ring, biasface_ghost_orc_armoury
D:4:      kennysheep_kobold_camp, layout_cave_pools,
          minmay_temple_entry_crystal_x, serial_shops, shop,
          chequers_serial_rivers_micro_a, minmay_pentomino_pile
D:5:      layout_cave_pods, st_stairs_14
D:6:      layout_basic, lemuel_round_altar, trog_wizard,
          nicolae_overflow_crystal_walls, okawaru_trees_2
D:7:      layout_cave_pools, elyvilon_altar_4, hex_medium, grunt_decor_clamped,
          minmay_alternating_orb
D:8:      layout_cave_pods, overflow_temple_1_default,
          erik_lair_orcish_takeover, uniq_maggie, uniq_erica
D:9:      gammafunk_indiana_jones, layout_cave_pools, marbit_many_paths,
          lemuel_doored_altar, minmay_orc_entry_guard_dogs, serial_undead,
          serial_undead_c, serial_undead_f, serial_undead_d, serial_undead_d
D:10:     layout_rooms, serial_shops, shop
D:11:     layout_grid_maze
Temple:   eino_narrow_crystal_temple
Lair:1:   minmay_guarded_unrand_snakebite, layout_regular_city,
          grunt_megastairs_5
Lair:2:   layout_regular_city, minmay_swamp_entry_reptiles,
          guppyfry_snake_entry_island, uniq_harold
Lair:3:   layout_chaotic_city, uniq_fannar, uniq_snorg
Lair:4:   beast_lair_carwin_large_4, layout_cave_pods, hibernation_bobbens,
          grunt_megastairs_1, infiniplex_staircase_pool_2, uniq_nessos

Skill      XL: |  1  2  3  4  5  6  7  8  9 10 11 12 |
---------------+-------------------------------------+-----
Fighting       | 1 2 3 4 5 7 8 9 |  9.1
Armour         | 1 2 3 4 6 7 8 9 |  9.1
Earth Magic    | 4 5 6 7 8 10 | 10.7
Dodging        | 2 3 4 5 6 7 |  7.3
Maces & Flails | 1 2 4 5 6 7 8 |  8.2
Spellcasting   | 3 4 5 6 7 8 |  8.0
Shields        | 2 |  2.2
Stealth        | |  2.1
Transmutations | |  0.7

Action                   |  1- 3 |  4- 6 |  7- 9 | 10-12 || total
-------------------------+-------+-------+-------+-------++-------
Melee: Flail             |    37 |     6 |       |       ||    43
       Unarmed           |    23 |       |       |       ||    23
       Whip              |       |    43 |   223 |   385 ||   651
 Cast: Sandblast         |    40 |    28 |    63 |    28 ||   159
       Stone Arrow       |       |       |     5 |   126 ||   131
       Lee's Rapid Decon |       |       |     2 |    20 ||    22
  Use: Scroll            |       |       |     7 |     1 ||     8
 Stab: Sleeping          |     1 |       |     2 |     4 ||     7
       Distracted        |       |       |     1 |       ||     1
Armor: Robe              |    30 |    22 |   128 |   147 ||   327
Dodge: Dodged            |    53 |    35 |   229 |   297 ||   614

Table legend: (Time is in decaauts)
 A = Elapsed time spent in this place.
 B = Non-inter-level travel time spent in this place.
 C = Inter-level travel time spent in this place.
 D = Time resting spent in this place.
 E = Time spent auto-exploring this place.
 F = Levels seen in this place.
 G = Mean time per level.
                   A        B        C        D        E       F      G
               +--------+--------+--------+--------+--------+-----+--------+
         Total |  13689 |  12803 |    886 |     25 |  10631 |  16 |  855.6 |
       Dungeon |  10535 |   9777 |    758 |      0 |   8081 |  11 |  957.7 |
        Temple |    223 |    216 |      7 |      0 |    193 |   1 |  223.0 |
          Lair |   2930 |   2809 |    121 |     25 |   2357 |   4 |  732.5 |
               +--------+--------+--------+--------+--------+-----+--------+

Top non-repeatable levels by time:
     D:2: 1408 daAuts
     D:3: 1275 daAuts
     D:8: 1186 daAuts
  Lair:1: 1144 daAuts
  Lair:2: 1100 daAuts
     D:4: 1069 daAuts
     D:9: 1051 daAuts
     D:6: 949 daAuts
     D:5: 944 daAuts
     D:7: 937 daAuts
     D:1: 678 daAuts
  Lair:3: 643 daAuts
    D:10: 549 daAuts
    D:11: 484 daAuts
  Temple: 223 daAuts
